Map: Extracción Fríonegro

Players

MrFercho - Winner!

  • Race: Terran Terran
  • Spawn Location: 11:00

tigro

  • Race: Terran Terran
  • Spawn Location: 5:00

VOD

Have the link to the VOD?

Description

Time

  • Played on: Nov. 16, 2018, 10:21 p.m.
  • Length: 30:28
Show
View Real Time Build Order
Export as new Build Order

MrFercho Terran - Winner!

Build Orders:  

Get SALT Encoding   

  12  0:01  SCV  
  13  0:18  Supply Depot  
  13  0:22  SCV  
  14  0:40  Refinery  
  14  0:43  SCV  
  15  0:55  Supply Depot, SCV  
  16  1:07  SCV  
  17  1:18  Refinery  
  17  1:19  SCV  
  18  1:27  Barracks  
  18  1:31  SCV  
  19  1:43  SCV  
  20  1:50  Supply Depot  
  20  1:55  SCV  
  21  2:08  SCV  
  22  2:13  Supply Depot  
  22  2:20  SCV  
  23  2:24  Engineering Bay  
  23  2:27  Barracks Tech Lab  
  23  2:32  SCV  
  25  2:44  SCV  
  25  2:46  Reaper  
  25  2:50  Engineering Bay  
  26  2:56  SCV  
  27  3:02  Barracks  
  27  3:08  SCV  
  28  3:18  Reaper  
  29  3:38  Command Center  
  29  3:49  Refinery  
  29  3:50  Reaper  
  29  3:51  Barracks  
  30  4:01  Sensor Tower  
  30  4:02  Barracks Tech Lab  
  30  4:23  Marauder  
  32  4:26  Orbital Command  
  32  4:41  Barracks Tech Lab  
  32  4:58  Factory  
  31  5:43  Factory  
  31  5:47  Orbital Command  
  29  6:09  Refinery  
  29  6:13  Terran Infantry Armor Level 1, Terran Infantry Weapons Level 1  
  29  6:28  Factory, SCV  
  29  6:29  SCV  
  31  6:40  SCV  
  31  6:41  SCV  
  33  6:53  SCV x2  
  35  6:57  Marauder x2, Marine  
  35  6:58  Starport  
  40  7:05  SCV  
  41  7:15  Marine  
  41  7:18  Marine x2  
  44  7:22  Supply Depot  
  44  7:30  Factory Tech Lab x3  
  44  7:33  Marine  
  44  7:35  Starport  
  44  7:36  Marine x2  
  47  7:46  Supply Depot  
  47  7:51  Marine  
  47  7:53  Armory  
  47  7:54  Marine x2  
  50  8:09  Marine  
  50  8:11  Supply Depot, Marine  
  50  8:12  Marine, Starport  
  53  8:24  SCV x2  
  55  8:33  Supply Depot  
  55  8:36  SCV x2  
  57  8:42  Armory  
  57  8:48  SCV x2  
  57  8:50  Starport  
  59  8:56  Supply Depot, Refinery  
  59  8:57  Refinery  
  59  8:58  Command Center  
  59  9:00  SCV x2  
  61  9:12  SCV  
  61  9:13  SCV  
  63  9:25  SCV x2  
  57  9:31  Armory  
  57  9:36  Thor  
  57  9:37  Siege Tank, SCV x2  
  57  9:38  Siege Tank  
  66  9:41  Starport Tech Lab x4  
  66  10:23  Sensor Tower  
  66  10:29  Terran Infantry Weapons Level 2  
  66  10:30  Fusion Core, Terran Infantry Armor Level 2  
  66  10:34  Rapid Reignition System, Corvid Reactor  
  66  10:35  Cloaking Field  
  66  10:36  Hyperflight Rotors  
  66  10:38  Combat Shield  
  66  10:39  Concussive Shells  
  66  10:49  Sensor Tower  
  66  11:19  Sensor Tower  
  66  11:24  Thor x2  
  66  11:25  Thor  
  83  12:36  Infernal Pre-Igniter  
  83  12:37  Rapid Fire Launchers  
  83  12:38  Drilling Claws  
  83  12:44  Advanced Ballistics  
  83  12:47  Terran Infantry Weapons Level 3  
  83  12:55  Stimpack  
  83  12:57  Terran Ship Weapons Level 1, Terran Vehicle And Ship Armor Level 1, Terran Vehicle Weapons Level 1  
  83  13:02  Orbital Command  
  83  13:10  SCV x2  
  85  13:22  SCV x2  
  84  13:34  SCV  
  84  13:35  SCV  
  86  13:46  SCV  
  86  13:47  SCV  
  88  13:55  Smart Servos  
  86  13:59  SCV  
  84  15:08  Weapon Refit  
  84  15:17  Ghost Academy  
  78  15:48  Ghost Academy  
  78  15:50  Supply Depot  
  78  15:56  Terran Ship Weapons Level 2  
  78  15:57  Terran Vehicle And Ship Armor Level 2, Terran Vehicle Weapons Level 2  
  78  16:01  Terran Infantry Armor Level 3  
  78  16:02  Hi-Sec Auto Tracking  
  78  16:12  Supply Depot  
  78  16:19  Ghost Academy  
  78  16:35  Supply Depot  
  78  16:40  Sensor Tower  
  78  16:49  Ghost Academy  
  78  16:58  Supply Depot  
  78  16:59  Neosteel Frame  
  78  17:17  Sensor Tower  
  78  17:19  Ghost Academy  
  78  17:20  Supply Depot  
  78  17:42  Supply Depot  
  78  17:45  Sensor Tower  
  78  17:49  Ghost Academy  
  78  17:58  Command Center  
  78  18:01  Refinery  
  78  18:02  Refinery  
  78  18:06  Supply Depot  
  78  18:08  Sensor Tower  
  78  18:15  Battlecruiser  
  78  18:16  Battlecruiser x2  
  78  18:17  Banshee, Neosteel Armor  
  99  18:20  Ghost Academy  
  99  18:25  Refinery  
  96  18:27  Refinery  
  96  18:29  Supply Depot  
  96  18:34  Command Center  
  96  18:37  Sensor Tower  
  96  18:50  Ghost Academy  
  96  18:51  Supply Depot  
  96  18:59  Banshee  
  96  19:00  Sensor Tower  
  98  19:14  Missile Turret x3  
  98  19:15  Missile Turret  
  98  19:18  Missile Turret  
  98  19:19  Banshee x2, Missile Turret  
  98  19:20  Viking, Ghost Academy  
  98  19:23  Marauder x2, Marine  
  111  19:25  Missile Turret  
  111  19:41  Marine  
  111  19:42  Viking  
  111  19:43  Marine  
  111  19:44  Marine  
  116  19:58  Marine  
  117  20:02  Marauder x2  
  117  20:06  Siege Tank x3  
  130  20:26  Ghost x2  
  134  20:38  Siege Tank x2  
  140  20:50  Orbital Command  
  140  21:40  Personal Cloaking  
  140  21:42  Nuke  
  140  21:43  Nuke x5  
  140  21:44  Nuke  
  140  21:45  Nuke  
  140  22:26  Medivac  
  142  22:52  Terran Ship Weapons Level 3  
  142  22:53  Terran Vehicle And Ship Armor Level 3, Terran Vehicle Weapons Level 3  
  146  23:41  Hellion x3  
  148  24:02  Hellion, Cyclone  
  153  24:03  Cyclone  
  153  24:04  Liberator x4  
  156  24:24  Cyclone  
  171  24:34  Thor  
  171  24:35  Siege Tank  
  180  24:44  Marine x3  
  183  24:56  Siege Tank  
  186  25:02  Marine x3  
  186  25:03  Banshee  
  186  25:04  Banshee x2  
  198  25:20  Marauder  
Show
View Real Time Build Order
Export as new Build Order

tigro Terran 

Build Orders:  

Get SALT Encoding   

  12  0:07  SCV  
  13  0:19  SCV  
  14  0:31  SCV  
  15  0:41  Refinery  
  15  0:59  Supply Depot  
  15  1:07  Refinery  
  15  1:21  SCV  
  15  1:22  Supply Depot  
  16  1:33  SCV  
  17  1:51  Barracks  
  17  1:52  SCV  
  18  2:04  SCV  
  19  2:41  Engineering Bay  
  19  2:42  SCV  
  20  2:47  Barracks Tech Lab  
  20  3:24  Command Center  
  20  3:34  Combat Shield  
  20  3:37  Supply Depot  
  22  3:41  Marauder  
  22  3:48  Terran Infantry Weapons Level 1  
  22  3:57  SCV  
  22  4:02  Marauder  
  25  4:23  Refinery  
  25  4:24  Marauder  
  27  4:33  Refinery  
  27  4:45  Marauder  
  29  5:06  Marauder  
  31  5:08  Refinery  
  31  5:12  SCV  
  32  5:15  Stimpack  
  32  5:24  SCV  
  31  5:36  SCV  
  31  5:42  Terran Infantry Armor Level 1  
  27  5:48  SCV  
  28  5:52  SCV  
  29  6:00  SCV  
  29  6:02  Marauder  
  32  6:23  Marine  
  33  6:34  SCV  
  34  6:41  Marine  
  35  6:55  Concussive Shells  
  35  6:59  Marine  
  36  7:02  Bunker  
  36  7:11  SCV  
  37  7:16  Marine  
  37  7:20  Refinery  
  38  7:23  SCV  
  39  7:30  SCV  
  39  7:35  SCV  
  41  7:47  SCV  
  41  7:50  Missile Turret  
  42  8:00  Planetary Fortress  
  42  8:14  Planetary Fortress  
  42  8:28  Missile Turret  
  42  8:47  Factory  
  42  8:52  Missile Turret  
  42  9:01  Hi-Sec Auto Tracking  
  34  9:43  Marine  
  35  9:49  Factory Tech Lab  
  35  9:58  Neosteel Armor  
  35  10:01  Marine  
  35  10:03  Factory Reactor  
  36  10:19  Marine  
  37  10:36  Marine  
  38  10:51  Armory  
  38  10:54  Marine  
  39  11:12  Marine  
  40  11:30  Starport, Marine  
  41  11:38  Neosteel Frame  
  41  12:19  Starport Tech Lab  
  41  13:07  Factory  
  41  13:14  Terran Ship Weapons Level 1  
  41  13:49  Supply Depot  
  26  14:18  Marine  
  27  14:26  Factory Tech Lab  
  27  14:36  Marine  
  28  14:51  Hellion x2  
  32  14:54  Marine  
  32  14:58  Viking  
  35  15:08  Terran Vehicle Weapons Level 1  
  35  15:12  Hellion x2, Marine  
  40  15:25  Supply Depot  
  40  15:47  Viking, Hellion x2  
  40  15:48  Supply Depot  
  46  16:06  Fusion Core  
  46  16:09  Marine  
  46  16:10  Hellion x2  
  51  16:12  Weapon Refit  
  51  16:27  Marine  
  51  16:31  Terran Infantry Armor Level 2  
  52  16:45  Marine  
  53  17:02  Terran Vehicle And Ship Armor Level 1  
  53  17:03  Marine  
  54  17:16  Infernal Pre-Igniter  
  54  17:21  Rapid Reignition System  
  54  18:18  Corvid Reactor  
  54  18:22  Marine, SCV  
  53  18:34  Rapid Fire Launchers, SCV  
  54  18:47  Terran Infantry Weapons Level 2  
  54  18:56  Terran Ship Weapons Level 2  
  50  19:03  Battlecruiser  
  35  19:22  Thor  
  41  19:36  Cloaking Field  
  41  19:53  Drilling Claws  
  41  20:05  Thor  
  47  20:07  Battlecruiser  
  47  20:13  Refinery  
  53  20:21  Marine  
  53  20:27  Refinery  
  54  20:34  Supply Depot  
  54  20:55  Thor, Marine  
  54  20:56  Hyperflight Rotors  
  61  20:59  Missile Turret  
  61  21:11  Smart Servos, Terran Vehicle Weapons Level 2  
  61  21:13  Marine  
  62  21:55  Supply Depot  
  62  22:16  Marine, Battlecruiser  
  69  22:23  Bunker  
  69  22:25  Terran Infantry Weapons Level 3  
  69  22:34  Marine  
  70  22:56  Advanced Ballistics  
  70  22:57  Missile Turret  
  70  23:21  Supply Depot  
  70  23:27  Terran Vehicle And Ship Armor Level 2  
  70  23:43  Marine, Battlecruiser  
  77  23:52  Supply Depot  
  77  24:01  Marine  
  78  24:13  Siege Tank  
  81  24:18  Marine  
  82  24:36  Marine  
  83  24:45  Siege Tank  
  86  25:02  Terran Infantry Armor Level 3  
  86  25:43  Terran Ship Weapons Level 3  
  86  25:48  Ghost Academy  
  86  26:17  Supply Depot  
  86  26:38  Medivac, Marine, Siege Tank  
  82  27:08  Medivac  
  83  27:10  Siege Tank  
  56  27:42  Siege Tank  
  21  28:31  Missile Turret  
  18  28:39  Marine  
  6  28:57  Marine  
  2  29:15  Marine  
Tags
 
Matchup
TvT
Race
Terran
Replay Pack
MrFercho
Spawn Locations
Cross Positions
Add a new tag
Caveats
  • Supply blocks, unpowered buildings, or Contaminate may cause inaccurate times.
  • Supply counts are checked every 10 seconds.